 Dungeon Crawl Stone Soup version 0.23.2-11-gf996548c65 (webtiles) character file.

Game seed: 5882833355872881311

86 MalarOregon the Ruffian (level 4, -1/35 (37) HPs)
             Began as a Ghoul Warper on June 5, 2019.
             Slain by Grinder (8 damage)
             ... on level 4 of the Dungeon.
             The game lasted 00:02:59 (2196 turns).

MalarOregon the Ruffian (Ghoul Warper)              Turns: 2196, Time: 00:02:59

HP:   -1/35 (37)    AC:  3    Str: 14    XL:     4   Next: 50%
MP:   5/5           EV: 12    Int:  9    God:
Gold: 150           SH:  0    Dex:  8    Spells: 6/6 levels left

rFire    . . .     SeeInvis .     - Unarmed
rCold    + . .     Gourm    .   (no shield)
rNeg     + + +     Faith    .   a - +0 leather armour
rPois    ∞         Spirit   .   (no helmet)
rElec    .         Reflect  .   (no cloak)
rCorr    .         Harm     .   (no gloves)
MR       .....                  (no boots)
Stlth    +.........             (no amulet)
HPRegen  0.00/turn              (no ring)
MPRegen  0.09/turn              (no ring)

@: flying, rotting, hasted, very quick
A: rotting body, claws 1, carnivore, cold resistance 1, negative energy
resistance 3, inhibited regeneration, torment resistance, unbreathing
a: no special abilities


You were on level 4 of the Dungeon.
You were not hungry.

You visited 1 branch of the dungeon, and saw 4 of its levels.

You collected 150 gold pieces.

Inventory:

Missiles
 d - 5 tomahawks of dispersal (quivered) {!f}
 h - 45 arrows
Armour
 a - a +0 leather armour (worn)
Wands
 x - a wand of acid (8)
   (You found it on level 3 of the Dungeon)
Scrolls
 c - a scroll of blinking
 f - 4 scrolls of remove curse {@r2}
Potions
 b - a potion of might {unknown}
 i - 2 potions of brilliance {unknown}
 m - a potion of heal wounds {unknown}
 n - a potion of agility {unknown}
Comestibles
 e - 4 rations {!d}


   Skills:
 + Level 2.9 Fighting
 - Level 0.8 Throwing
 + Level 1.8 Armour
 + Level 2.3 Dodging
 * Level 3.6 Unarmed Combat
 - Level 1.7 Spellcasting
   Level 2.6 Translocations


You had 6 spell levels left.
You didn't know any spells.
Your spell library contained the following spells:

 Spells                   Type           Power        Failure   Level  Hunger
 Blink                    Tloc           N/A          22%         2    ###....
 Shroud of Golubria       Chrm/Tloc      #.........   36%         2    ###....
 Gell's Gravitas          Tloc           #.........   38%         3    ####...
 Lesser Beckoning         Tloc           #.........   38%         3    ####...
 Teleport Other           Tloc           #.......     38%         3    ####...
 Passage of Golubria      Tloc           N/A          80%         4    #####..


Dungeon Overview and Level Annotations

Branches:
Dungeon (4/15)
 Temple: D:4-7

Altars:
Nemelex Xobeh

Annotations:
D:4 Grinder


Innate Abilities, Weirdness & Mutations

Your body is rotting away.
You thrive on raw meat.
You are immune to poison.
You have sharp fingernails.
You are carnivorous and can eat meat at any time.
Your flesh is cold resistant. (rC+)
You are immune to negative energy. (rN+++)
You do not regenerate when monsters are visible.
You are immune to unholy pain and torment.
You can survive without breathing.


Message History

A frilled lizard comes into view.
The frilled lizard hisses angrily.
The goblin hits you but does no damage.
Found a stone staircase leading down.
You closely miss the goblin. The goblin misses you.
You claw the frilled lizard!
You kill the frilled lizard!
The goblin hits you with a +0 dagger.
You barely miss the goblin. The goblin hits you with a +0 dagger.
Okay, then.
It was a potion of magic.
Magic courses through your body.
Grinder blinks!
The goblin hits you with a +0 dagger.
It was a potion of flight.
You feel very buoyant.
You fly up into the air.
The goblin closely misses you.
It was a potion of haste.
You feel yourself speed up. The goblin hits you but does no damage.
Okay, then.
You closely miss the goblin.
Grinder says, "I used to sell toenails on the black market."
The goblin misses you.
You scratch the goblin. You closely miss the goblin.
The goblin barely misses you.
Your leather armour prevents you from hitting the goblin.
You claw the goblin!
You kill the goblin!
You claw Grinder! You scratch Grinder. Grinder closely misses you.
You scratch Grinder. You closely miss Grinder. Grinder barely misses you.
You scratch Grinder. You scratch Grinder but do no damage. Grinder hits you!
You scratch Grinder.
Grinder blinks!
Grinder hits you.
You closely miss Grinder. Grinder gestures at you.
You suddenly lose the ability to move!
Grinder hits you!
* * * LOW HITPOINT WARNING * * *
Grinder hits you but does no damage.
You can move again.
Unknown command.
You closely miss Grinder. You claw Grinder! Grinder hits you.
* * * LOW HITPOINT WARNING * * *
You barely miss Grinder. Grinder misses you.
You scratch Grinder. You scratch Grinder. Grinder misses you.
You scratch Grinder but do no damage. Grinder hits you!
You die...

###.##.# #
....#.#.#
##..#.#.##...
#............
#..<# #)#.#
#.#(#
###+#.#.#
#....@..#
#...5...#
#.......#
#.......#
#.......#
#.......#
#######.# .#


You could see Grinder.

Vanquished Creatures
  2 adders (D:2)
  An ooze (D:2)
  A worm (D:3)
  3 dart slugs
  A leopard gecko (D:1)
  7 bats
  4 giant cockroaches
  10 goblins
  8 hobgoblins
  2 ball pythons (D:1)
  3 frilled lizards
  7 kobolds
  3 rats
52 creatures vanquished.

Notes
Turn   | Place    | Note
-------+----------+-------------------------------------------
     0 | D:1      | MalarOregon the Ghoul Warper began the quest for the Orb.
     0 | D:1      | Reached XP level 1. HP: 17/17 MP: 2/2
    35 | D:1      | Reached skill level 1 in Armour
    48 | D:1      | Reached XP level 2. HP: 12/25 MP: 3/3
   475 | D:1      | Reached XP level 3. HP: 23/30 MP: 4/4
   535 | D:1      | Reached skill level 3 in Unarmed Combat
  1326 | D:2      | Reached XP level 4. HP: 32/37 MP: 5/5
  1494 | D:2      | Found a sparkling altar of Nemelex Xobeh.
  2159 | D:3      | Noticed an ogre
  2164 | D:4      | Noticed Grinder
  2188 | D:4      | Paralysed by Grinder for 2 turns
  2196 | D:4      | Slain by Grinder

Skill      XL: |  1  2  3 |
---------------+----------+-----
Armour         | 1 |  1.8
Dodging        | 2 |  2.3
Unarmed Combat | 3 |  3.6
Fighting       | |  2.9
Throwing       | |  0.8
Spellcasting   | |  1.7
Translocations | |  2.6

Action                   |  1- 3 |  4- 6 || total
-------------------------+-------+-------++-------
Melee: Unarmed           |   125 |    63 ||   188
  Use: Scroll            |     3 |     1 ||     4
       Potion            |       |     3 ||     3
  Eat: Chunk             |     3 |     6 ||     9
Armor: Leather armour    |    28 |     8 ||    36
Dodge: Dodged            |    88 |    31 ||   119
